 Dungeon Crawl Stone Soup version 0.29.0-5-ge4962eb29e (webtiles) character file.

Game seed: 15633774290195447644

548 ImASeal the Chopper (level 7, -2/67 HPs)
             Began as a Troll Fighter on Aug 29, 2022.
             Was an Initiate of Gozag.
             Slain by a gnoll
             ... wielding a +0 flail
             ... led by a gnoll bouda
              (5 damage)
             ... on level 4 of the Dungeon.
             The game lasted 00:10:01 (2798 turns).

ImASeal the Chopper (Troll Fighter)                 Turns: 2798, Time: 00:10:01

Health: -2/67      AC:  4    Str: 27    XL:     7   Next: 7%
Magic:  6/6        EV:  9    Int:  4    God:    Gozag
Gold:   226        SH: 13    Dex:  9    Spells: 6/6 levels left

rFire   . . .      SeeInvis .   a - +0 war axe
rCold   . . .      Faith    .   c - +0 kite shield
rNeg    . . .      Spirit   .   b - +0 robe
rPois   .          Reflect  +   (helmet restricted)
rElec   .          Harm     .   (no cloak)
rCorr   .          Rampage  .   (gloves unavailable)
Will    .....                   (boots unavailable)
Stlth   +.........              g - amulet of reflection
HPRegen 1.01/turn               (no ring)
MPRegen 0.10/turn               (no ring)

@: weakened
A: large, unfitting armour, claws 3, regeneration 1, shaggy fur 1, tough skin 1
a: Renounce Religion, Potion Petition, Call Merchant, Bribe Branch


You were on level 4 of the Dungeon.
You worshipped Gozag.
Gozag was aware of your devotion.
You visited 1 branch of the dungeon, and saw 4 of its levels.

You collected 298 gold pieces.
You spent 24 gold pieces at shops.
You paid 48 gold pieces to Gozag.

Inventory:

Hand Weapons
 a - a +0 war axe (weapon)
Missiles
 o - 8 stones (quivered)
Armour
 b - a +0 robe (worn)
 c - a +0 kite shield (worn)
Jewellery
 g - an amulet of reflection (around neck)
Wands
 q - a wand of roots (1)
Scrolls
 e - a scroll of identify
 i - a scroll of vulnerability
 k - a scroll of teleportation
 n - a scroll of fear
Potions
 d - 3 potions of might
 f - 2 potions of haste
 h - 4 potions of degeneration
 j - a potion of mutation
 l - 2 potions of brilliance
 m - a potion of flight {unknown}
 p - a potion of curing {unknown}


   Skills:
 + Level 3.3 Fighting
 + Level 4.3 Axes
 + Level 3.4 Dodging
 + Level 0.2 Stealth
 + Level 4.3 Shields


You had 6 spell levels left.
You didn't know any spells.
Your spell library contained the following spells:

 Spells                   Type           Power      Damage    Failure   Level
 Beastly Appendage        Tmut           0%         N/A       78%         1
 Freeze                   Ice            0%         1d3       78%         1
 Wereblood                Tmut           0%         N/A       89%         2
 Dazzling Flash           Conj/Hex       0%         N/A       98%         3
 Frozen Ramparts          Ice            0%         1d1       98%         3
 Spider Form              Tmut/Pois      0%         N/A       98%         3
 Summon Guardian Golem    Hex/Summ       0%         N/A       98%         3
 Hailstorm                Conj/Ice       0%         3d3       100%        4
 Agony                    Necr           0%         N/A       100%        5
 Silence                  Hex/Air        0%         N/A       100%        5
 Orb of Destruction       Conj           0%         9d5       100%        7
 Spellforged Servitor     Conj/Summ      0%         N/A       100%        7


Dungeon Overview and Level Annotations

Branches:
Dungeon (4/15)
 Temple: D:4-7

Altars:
Cheibriados
Dithmenos
Gozag
Hepliaklqana
Kikubaaqudgha
Xom

Shops:
D:1 ?   D:3 [


Innate Abilities, Weirdness & Mutations

You are too large for most types of armour.
You have claws for hands.
Your natural rate of healing is unusually fast.
You are covered in fur. (AC +1)
You have tough skin. (AC +1)


Message History

You are too injured to fight recklessly!
The gnoll bouda barks out a call to the hunt!
The gnoll picks up the pace!
You closely miss the gnoll bouda.
The gnoll bouda is heavily wounded.
You hit the gnoll.
The gnoll bouda calls upon its god to heal the gnoll.
The gnoll's wounds heal themselves!
The gnoll hits you with a +0 flail.
The gnoll bouda gazes fiercely through you!
You feel your attacks grow feeble.
The gnoll bouda hits you with a +0 club.
* * * LOW HITPOINT WARNING * * *
The gnoll completely misses you.
You hit the gnoll bouda.
The gnoll bouda is severely wounded.
You hit the gnoll.
The gnoll bouda prays to its god.
The gnoll bouda is healed somewhat.
You block the gnoll's attack.
You hit the gnoll bouda but do no damage.
The gnoll bouda is heavily wounded.
You slash the gnoll!
The gnoll bouda hits you but does no damage.
The gnoll hits you but does no damage. You block the gnoll bouda's attack.
You hit the gnoll bouda.
The gnoll bouda is severely wounded.
You closely miss the gnoll. You block the gnoll's attack.
You block the gnoll bouda's attack. The gnoll hits you with a +0 flail!
* * * LOW HITPOINT WARNING * * *
Unknown command.
You closely miss the gnoll bouda.
The gnoll bouda is severely wounded.
You completely miss the gnoll.
The gnoll bouda hits you with a +0 club.
* * * LOW HITPOINT WARNING * * *
You block the gnoll's attack.
The gnoll bouda hits you with a +0 club.
* * * LOW HITPOINT WARNING * * *
The gnoll attacks as you move away! The gnoll hits you with a +0 flail.
You die...
Your body crumbles into a pile of gold.

##......##.............###..>.
#....................#.## ...
......#...............$.# .....g.
......#..............$$.#........
....#............................
...###...............##..........
..# ###.........................
.# ####.......g...##.#........
###.........@g..$#####$......
#........$.##................
#.......##.......###.$.......
##........#.......##.####'###
#.##...[.##.....##..#
##..#.<....##..#.###.#
##..........##.......g#
#......##.............#
##....................#


You could see a gnoll bouda and a gnoll (swift).

Vanquished Creatures
  Sigmund (D:4)
  A necrophage (D:4)
  A scorpion (D:3)
  2 hounds (D:4)
  A jelly (D:4)
  8 gnolls
  3 adders
  3 worms
  4 dart slugs
  An orc (D:2)
  10 ball pythons
  5 endoplasms
  4 giant cockroaches
  7 goblins
  4 hobgoblins
  3 jackals (D:2)
  2 kobolds
  2 quokkas
  4 bats
  3 frilled lizards
  A rat (D:3)
70 creatures vanquished.

Vanquished Creatures (others)
  3 plants (D:2)
3 creatures vanquished.

Grand Total: 73 creatures vanquished

Notes
Turn   | Place    | Note
-------+----------+-------------------------------------------
     0 | D:1      | ImASeal the Troll Fighter began the quest for the Orb.
     0 | D:1      | Reached XP level 1. HP: 22/22 MP: 0/0
   160 | D:1      | Found a faded altar of an unknown god.
   210 | D:1      | Reached XP level 2. HP: 29/29 MP: 1/1
   350 | D:1      | Found Xybrouce's Magic Scroll Boutique.
   899 | D:1      | Bought a scroll of identify for 24 gold pieces
  1053 | D:2      | Reached XP level 3. HP: 30/36 MP: 2/2
  1740 | D:3      | Found Avukke's Antique Armour Shop.
  1747 | D:3      | Noticed a scorpion
  1761 | D:3      | Killed a scorpion
  1762 | D:3      | Reached XP level 4. HP: 13/44 MP: 3/3
  2171 | D:3      | Found a shimmering altar of Xom.
  2188 | D:3      | Reached XP level 5. HP: 17/52 MP: 4/4
  2239 | D:3      | Found a hazy altar of Hepliaklqana.
  2243 | D:3      | Found a snail-covered altar of Cheibriados.
  2247 | D:3      | Found an ancient bone altar of Kikubaaqudgha.
  2250 | D:3      | Found an opulent altar of Gozag.
  2259 | D:3      | Found a shadowy altar of Dithmenos.
  2288 | D:3      | Became a worshipper of Gozag Ym Sagoz the Greedy
  2454 | D:4      | Reached XP level 6. HP: 59/61 MP: 5/5
  2490 | D:4      | Noticed Sigmund
  2508 | D:4      | Killed Sigmund
  2728 | D:4      | Reached XP level 7. HP: 67/67 MP: 6/6
  2797 | D:4      | HP: 3/67 [gnoll bouda/+0 club (5)]
  2798 | D:4      | Slain by a gnoll

Illustrated notes

Levels and vault maps discovered:
D:1:      kennysheep_arrival_seaside, layout_basic,
          shapermc_ecumenical_altar_petra, serial_shops, nicolae_shop_waterfront
D:2:      layout_loops_ring, serial_forest, infiniplex_forest_clump_cross,
          infiniplex_forest_lined_corner, infiniplex_forest_straight_3,
          infiniplex_forest_end_1, infiniplex_forest_zigzag_1,
          infiniplex_forest_end_3, infiniplex_forest_straight_3,
          infiniplex_forest_lined_room_2, minmay_misc_feat_hallway
D:3:      layout_loops_ring, nicolae_overflow_hallway_of_the_gods, serial_shops,
          shop
D:4:      layout_cave_pools, zin_angel, uniq_sigmund

Skill      XL: |  1  2  3  4  5  6 |
---------------+-------------------+-----
Axes           | 2 3 4 |  4.3
Shields        | 3 4 |  4.3
Dodging        | 3 |  3.4
Fighting       | 3 |  3.3
Stealth        | |  0.2

Action                   |  1- 3 |  4- 6 |  7- 9 || total
-------------------------+-------+-------+-------++-------
Melee: War axe           |   117 |   115 |    20 ||   252
Throw: Stone             |       |     9 |       ||     9
  Use: Scroll            |       |     7 |       ||     7
Armor: Robe              |    41 |    26 |     4 ||    71
Dodge: Dodged            |    34 |    34 |    11 ||    79
Block: Kite shield       |    74 |   111 |    27 ||   212
       Reflection        |     2 |     5 |     2 ||     9
